 Dungeon Crawl Stone Soup version 0.31-a0-152-g6aa68a64a1 (webtiles) character file.

Game seed: 414626519944975314

280 qw the Shooter (level 6, -1/38 HPs)
             Began as a Gargoyle Hunter on June 10, 2023.
             Killed by divine providence
             ... invoked by an orc priest
              (9 damage)
             ... on level 3 of the Dungeon.
             The game lasted 00:00:54 (1903 turns).

qw the Shooter (Gargoyle Hunter)                    Turns: 1903, Time: 00:00:55

Health: -1/38      AC: 10    Str: 14    XL:     6   Next: 27%
Magic:  6/6        EV: 10    Int: 10    God:
Gold:   68         SH:  5    Dex: 15    Spells: 5/5 levels left

rFire   . . .        Y - +0 shortbow
rCold   . . .        (shield currently unavailable)
rNeg    + . .        f - +0 ring mail
rPois   inf          (no helmet)
rElec   +            (no cloak)
rCorr   .            g - +0 pair of gloves
SInv    .            (no boots)
Will    .....        c - amulet of reflection
Stlth   +            (no ring)
HPRegen 0.26/turn    (no ring)
MPRegen 0.10/turn

%: reflection
@: no status effects
A: sickness immunity, AC +4, negative energy resistance 1, electricity
resistance, torment resistance 1, petrification resistance
a: no special abilities


You were on level 3 of the Dungeon.
You visited 1 branch of the dungeon, and saw 3 of its levels.

You collected 68 gold pieces.


Innate Abilities, Weirdness & Mutations

You are immune to sickness and miasma.
Your stone body is resilient. (AC +4)
You are immune to poison.
You resist negative energy. (rN+)
You are resistant to electric shocks. (rElec)
You are resistant to unholy torment.
You are immune to petrification.


   Skills:
 + Level 3.8 Fighting
 - Level 6.6 Ranged Weapons
 - Level 1.0 Armour
 - Level 1.5 Dodging
 - Level 1.1 Stealth


You had 5 spell levels left.
You didn't know any spells.
Your spell library was empty.

Inventory:

Hand Weapons
 Y - a +0 shortbow (weapon)
Armour
 f - a +0 ring mail (worn)
 g - a +0 pair of gloves (worn)
Jewellery
 c - an amulet of reflection (around neck)
Scrolls
 a - a scroll of identify
Potions
 b - a potion of magic {unknown}
 d - a potion of enlightenment {unknown}
 e - a potion of mutation {unknown}
 i - a potion of heal wounds {unknown}
 j - a potion of brilliance {unknown}

Dungeon Overview and Level Annotations

Branches:
Dungeon (3/15)

Altars:


Message History

The orc hits you but does no damage.
You shoot an arrow. The arrow hits the orc.
The orc is heavily wounded.
The orc closely misses you.
You shoot an arrow. The arrow hits the orc.
You kill the orc!
You shoot an arrow. The arrow barely misses the orc.
The arrow hits the orc priest.
The orc priest is lightly wounded.
The orc hits you but does no damage.
You shoot an arrow.
The arrow hits the orc but does no damage.
The orc hits you but does no damage. You block the orc's attack.
You shoot an arrow. The arrow hits the orc.
The orc is moderately wounded.
The orc hits you with a +0 whip.
You shoot an arrow. The arrow hits the orc.
The orc is severely wounded.
The orc hits you but does no damage.
You shoot an arrow. The arrow barely misses the orc.
The arrow hits the orc priest.
The orc priest is moderately wounded.
You block the orc's attack.
You shoot an arrow. The arrow completely misses the orc.
The arrow hits the orc priest.
The orc priest is moderately wounded.
You hear the brisk rusting of a very distant drain.
You block the orc's attack.
The orc priest begins to cast a cantrip, but forgets the words!
You shoot an arrow. The arrow hits the orc!
You kill the orc!
You shoot an arrow.
The arrow closely misses the orc priest.
You block the orc priest's attack. The orc priest barely misses you.
You shoot an arrow.
The arrow closely misses the orc priest.
The arrow hits the orc but does no damage.
The orc priest invokes the aid of Beogh against you.
Beogh smites you!
You die...

##..........#
#.....#...........#
#.....#...........#
#.....#...........###
#.....#...........'.#
#.....#...........#.#
#.)...#...........#.#
##....)##....(.....#.#
...$..)@oo.........#.#
#########...[......#'###
.......<..#......#......
.#.#.####.#.####.#...o..
...........>##.#.....o
........#.#.##'###....
##.####.#.#..o.. ##### #
..#.# ....# #..#.#.....#


You could see an orc priest and an orc.

Vanquished Creatures
  Sigmund (D:2)
  An orc priest (D:3)
  2 adders (D:2)
  A worm (D:2)
  2 dart slugs
  4 orcs (D:3)
  7 ball pythons
  4 endoplasms
  4 giant cockroaches
  5 goblins
  9 hobgoblins
  2 jackals (D:1)
  A quokka (D:1)
  4 bats
  2 frilled lizards (D:1)
  5 kobolds
  4 rats
58 creatures vanquished.

Notes
Turn   | Place    | Note
-------+----------+-------------------------------------------
     0 | D:1      | qw the Gargoyle Hunter began the quest for the Orb.
     0 | D:1      | Reached XP level 1. HP: 12/12 MP: 1/1
     0 | D:1      | 0 ||| qw: Version: 0.2-a-29-g0080da8
     0 | D:1      | 0 ||| qw: Game counter: 3840
     0 | D:1      | 0 ||| qw: Always use a shield: true
     0 | D:1      | 0 ||| qw: God list: Okawaru
     0 | D:1      | 0 ||| qw: Allow faded altars: false
     0 | D:1      | 0 ||| qw: Do Orc after D:15 true
     0 | D:1      | 0 ||| qw: Do second Lair branch before Depths: true
     0 | D:1      | 0 ||| qw: Lair rune preference: random
     0 | D:1      | 0 ||| qw: Plans: Normal, Zot:1-4, Slime:5, God:TSO, Crypt,
                  | Tomb, Abyss, Pan, Hells, Win
     0 | D:1      | 0 ||| PLANNING D:1-11
    72 | D:1      | Reached XP level 2. HP: 12/17 MP: 2/2
   368 | D:1      | Reached XP level 3. HP: 21/21 MP: 3/3
   540 | D:1      | Reached skill level 5 in Ranged Weapons
   838 | D:1      | 838 ||| UPGRADING to +0 ring mail.
   848 | D:1      | 848 ||| DROPPING +0 leather armour.
   849 | D:1      | 849 ||| READING 2 scrolls labelled LAPNOCZ EFORPHI.
   850 | D:1      | 850 ||| READING scroll labelled YMURIX PAXZUA.
   865 | D:1      | 865 ||| READING scroll labelled ACEPUZ AWERGH.
   866 | D:1      | 866 ||| DROPPING scroll of butterflies.
  1001 | D:2      | Reached skill level 1 in Armour
  1117 | D:2      | Reached XP level 4. HP: 27/27 MP: 4/4
  1138 | D:2      | Reached skill level 3 in Fighting
  1275 | D:2      | Noticed Sigmund
  1288 | D:2      | 1288 ||| READING scroll labelled AZXOPSYDIO.
  1294 | D:2      | Killed Sigmund
  1295 | D:2      | Reached skill level 6 in Ranged Weapons
  1295 | D:2      | Reached XP level 5. HP: 16/32 MP: 5/5
  1295 | D:2      | Reached XP level 6. HP: 18/37 MP: 6/6
  1547 | D:2      | 1547 ||| UPGRADING to +0 pair of gloves.
  1552 | D:2      | 1552 ||| READING scroll labelled IGOUKOGHOFI.
  1590 | D:3      | 1590 ||| PLANNING SEWER
  1649 | D:3      | 1649 ||| FLEEEEING.
  1652 | D:3      | 1652 ||| FLEEEEING.
  1657 | D:3      | 1657 ||| FLEEEEING.
  1658 | D:3      | 1658 ||| FLEEEEING.
  1659 | D:3      | 1659 ||| FLEEEEING.
  1660 | D:3      | 1660 ||| FLEEEEING.
  1661 | D:3      | 1661 ||| FLEEEEING.
  1662 | D:3      | 1662 ||| FLEEEEING.
  1663 | D:3      | 1663 ||| STAIRDANCE
  1819 | D:2      | 1819 ||| UPGRADING to amulet of reflection.
  1882 | D:3      | HP: 8/37 [orc priest/divine providence (14)]
  1888 | D:3      | HP: 5/37 [orc priest/+0 dagger (1)]
  1897 | D:3      | HP: 6/38 [orc/+0 whip (2)]
  1903 | D:3      | Killed from afar by an orc priest

Levels and vault maps discovered:
D:1:      roderic_octagonal_star, layout_basic
D:2:      layout_basic, serial_rivers, chequers_serial_rivers_room_a,
          chequers_serial_rivers_room_a, chequers_serial_rivers_small_b,
          chequers_serial_rivers_room_a, chequers_serial_rivers_small_3,
          chequers_serial_rivers_micro_a, uniq_sigmund
D:3:      minmay_bubble_buster, layout_basic, portal_sewer_entry_a,
          nrook_mini_backslash, minmay_crystal_room, uniq_jessica

Skill      XL: |  1  2  3  4 |
---------------+-------------+-----
Ranged Weapons | 5 6 |  6.6
Armour         | 1 |  1.0
Fighting       | 3 |  3.8
Dodging        | |  1.5
Stealth        | |  1.1

Action                     |  1- 3 |  4- 6 || total
---------------------------+-------+-------++-------
   Fire: Shortbow          |   113 |   101 ||   214
    Use: Scroll            |     3 |     2 ||     5
 Armour: Leather armour    |     9 |       ||     9
         Ring mail         |     3 |    23 ||    26
  Dodge: Dodged            |    20 |    26 ||    46
  Block: Other             |       |     9 ||     9

Table legend:
 A = Non-vault XP
 B = Vault XP
 C = Vault XP percentage of total XP
 D = Non-vault monster count
 E = Vault monster count
 F = Vault count percentage of total count
                 A         B        C        D         E       F
            +---------+---------+-------+---------+---------+-------
      Total |     170 |     231 |  57.6 |      57 |       1 |   1.7
            +---------+---------+-------+---------+---------+-------
        D:1 |      41 |       0 |   0.0 |      25 |       0 |   0.0
        D:2 |      72 |     231 |  76.2 |      25 |       1 |   3.8
        D:3 |      57 |       0 |   0.0 |       7 |       0 |   0.0
            +---------+---------+-------+---------+---------+-------
